 Dungeon Crawl Stone Soup version 0.30.0 (webtiles) character file.

Game seed: 1234939967778364978

395128 SnakkuSnakku7 the Impaler (level 22, -4/209 HPs)
             Began as a Red Draconian Cinder Acolyte on May 6, 2023.
             Was a High Priest of Ignis.
             Slain by a caustic shrike (9 damage)
             ... while petrified by a living spell
             ... on level 4 of the Depths.
             The game lasted 01:46:01 (62243 turns).

SnakkuSnakku7 the Impaler (DrCA)                   Turns: 62243, Time: 01:46:02

Health: -4/209     AC: 15    Str: 21    XL:     22   Next: 17%
Magic:  23/23      EV:  2    Int: 11    God:    Ignis [*****.]
Gold:   1701       SH:  0    Dex: 19    Spells: 21/23 levels left

rFire   + + +        b - +1 demon trident (elec)
rCold   + + +        D - +6 tower shield {rC+ rF+}
rNeg    + + +        (body armour unavailable)
rPois   ∞            (helmet restricted)
rElec   .            c - +2 cloak of the Thief {*Fog Slay-2 SInv Stlth+}
rCorr   .            d - +2 pair of gloves {Stlth+}
SInv    +            w - +1 pair of boots of Precision Catastrophes {rC++ Int-3 Slay+3 Stlth+}
Will    +....        I - amulet of Patience {Reflect rPois rC+ Dex+5 SH+5}
Stlth   ++++++++     f - +4 ring of protection
HPRegen 0.54/turn    S - +4 ring of protection
MPRegen 0.18/turn

%: reflection
@: petrified, corroded
A: breathe fire, AC +11, unfitting armour, fire resistance 1, cold-blooded
}: 2/15 runes: decaying, serpentine
a: Breathe Fire, Renounce Religion, Fiery Armour, Foxfire Swarm, Rising Flame


You were on level 4 of the Depths.
You worshipped Ignis.
Ignis was extremely pleased with you.
You visited 9 branches of the dungeon, and saw 42 of its levels.
You visited the Abyss 2 times.
You also visited: Sewer, Bailey, Gauntlet, Ice Cave and Volcano.

You collected 4830 gold pieces.
You spent 3129 gold pieces at shops.

Inventory:

Hand Weapons
 a - a +9 glaive of flaming
 b - a +1 demon trident of electrocution (weapon)
Missiles
 n - 21 javelins (quivered)
 H - 4 throwing nets
Armour
 c - the +2 cloak of the Thief (worn) {*Fog Slay-2 SInv Stlth+}
   (You acquired it on level 4 of the Swamp)

   *Fog:      It may release a thick cloud of smoke when the wearer is hurt.
   Slay:      It affects your accuracy & damage with ranged weapons and melee
   (-2).
   SInv:      It lets you see invisible.
   Stlth:     It makes you more stealthy.
 d - a +2 pair of gloves of stealth (worn)
 w - the +1 pair of boots of Precision Catastrophes (worn) {rC++ Int-3 Slay+3 Stlth+}
   (You found it on level 2 of the Snake Pit)

   Int:       It affects your intelligence (-3).
   Slay:      It affects your accuracy & damage with ranged weapons and melee
   (+3).
   rC:        It greatly protects you from cold.
   Stlth:     It makes you more stealthy.
 D - a +6 tower shield of resistance (worn)
Jewellery
 f - a +4 ring of protection (left hand)
 I - the amulet of Patience (around neck) {Reflect rPois rC+ Dex+5 SH+5}
   (You took it off a deep elf pyromancer on level 3 of the Elven Halls)

   [amulet of reflection]

   It reflects blocked missile attacks.
   Dex:       It affects your dexterity (+5).
   rC:        It protects you from cold.
   rPois:     It protects you from poison.
   SH:        It affects your SH (+5).
 O - a ring of resist corrosion
 P - a ring of see invisible
 S - a +4 ring of protection (right hand)
 Y - an amulet of regeneration
Wands
 p - a wand of roots (28)
 q - a wand of flame (124)
 x - a wand of charming (44)
 y - a wand of mindburst (37)
 J - a wand of polymorph (9)
 Q - a wand of digging (1)
 R - a wand of acid (30)
Scrolls
 e - 5 scrolls of magic mapping
 g - 7 scrolls of immolation
 i - 16 scrolls of teleportation
 r - a scroll of fear
 u - 6 scrolls of vulnerability
 B - 7 scrolls of fog
 C - a scroll of silence
 E - 8 scrolls of poison
 F - 6 scrolls of blinking
 L - 4 scrolls of enchant armour
 T - 3 scrolls of butterflies
Potions
 h - 14 potions of curing
 j - 5 potions of lignification
 k - 5 potions of cancellation
 l - 5 potions of haste
 m - 4 potions of magic
 o - 5 potions of flight
 s - 12 potions of brilliance
 t - 2 potions of berserk rage
 z - 11 potions of mutation
 A - 10 potions of might
 G - 4 potions of attraction
 N - 3 potions of invisibility
 W - 2 potions of resistance
 Z - a potion of heal wounds
Miscellaneous
 v - a phantom mirror
 M - a condenser vane
 X - a lightning rod (4/4)


   Skills:
 - Level 20.0 Fighting
 - Level 20.0 Polearms
 - Level 12.7 Throwing
 - Level 17.6 Dodging
 - Level 10.0 Stealth
 + Level 16.2 Shields
 - Level 1.0 Spellcasting
 - Level 3.6 Fire Magic
 - Level 15.0 Evocations


You had 21 spell levels left.
You knew the following spells:

 Your Spells              Type           Power      Damage    Failure   Level
a - Passwall              Tmut/Erth      0%         N/A       75%         2

Your spell library contained the following spells:

 Spells                   Type           Power      Damage    Failure   Level
 Scorch                   Fire           16%        2d6       26%         2
 Apportation              Tloc           0%         N/A       61%         1
 Beastly Appendage        Tmut           0%         N/A       61%         1
 Freeze                   Ice            0%         1d3       61%         1
 Necrotise                Necr           0%         1d4       61%         1
 Sandblast                Erth           0%         2d4       61%         1
 Summon Small Mammal      Summ           0%         N/A       61%         1
 Ensorcelled Hibernation  Hex/Ice        0%         N/A       75%         2
 Momentum Strike          Conj/Tloc      0%         3d8       75%         2
 Static Discharge         Conj/Air       0%         2-2/arc   75%         2
 Wereblood                Tmut           0%         N/A       75%         2
 Inner Flame              Hex/Fire       4%         N/A       75%         3
 Volatile Blastmotes      Fire/Tloc      8%         2d10      75%         3
 Frozen Ramparts          Ice            0%         1d1       93%         3
 Hailstorm                Conj/Ice       0%         3d3       93%         3
 Ozocubu's Armour         Ice            0%         N/A       93%         3
 Spider Form              Tmut/Pois      0%         N/A       93%         3
 Stone Arrow              Conj/Erth      0%         3d7       93%         3
 Vampiric Draining        Necr           0%         2d6       93%         3
 Flame Wave               Conj/Fire      4%         2d5       98%         4
 Sticky Flame             Conj/Fire      4%         2d3       98%         4
 Airstrike                Air            0%         2d(0-16)  100%        4
 Fulminant Prism          Conj/Hex       0%         3d5       100%        4
 Ice Form                 Ice/Tmut       0%         N/A       100%        4
 Iskenderun's Mystic Bla  Conj/Tloc      0%         2d3       100%        4
 Leda's Liquefaction      Hex/Erth       0%         N/A       100%        4
 Summon Lightning Spire   Summ/Air       0%         N/A       100%        4
 Agony                    Necr           0%         N/A       100%        5
 Alistair's Intoxication  Tmut/Pois      0%         N/A       100%        5
 Borgnjor's Vile Clutch   Necr/Erth      0%         N/A       100%        5
 Freezing Cloud           Conj/Ice/Air   0%         6-21      100%        5
 Lee's Rapid Deconstruct  Erth           0%         3d4*      100%        5
 Summon Forest            Summ/Tloc      0%         N/A       100%        5
 Yara's Violent Unravell  Hex/Tmut       0%         3d3       100%        5
 Dispersal                Tloc           0%         N/A       100%        6
 Eringya's Noxious Bog    Tmut/Pois      0%         N/A       100%        6
 Simulacrum               Ice/Necr       0%         N/A       100%        6
 Statue Form              Tmut/Erth      0%         N/A       100%        6
 Summon Cactus Giant      Summ           0%         N/A       100%        6
 Dragon Form              Tmut           0%         N/A       100%        7
 Enfeeble                 Hex            0%         N/A       100%        7
 Ozocubu's Refrigeration  Ice            0%         4d7       100%        7
 Summon Hydra             Summ           0%         N/A       100%        7
 Borgnjor's Revivificati  Necr           0%         N/A       100%        8
 Necromutation            Tmut/Necr      0%         N/A       100%        8
 Death's Door             Necr           0%         N/A       100%        9


Dungeon Overview and Level Annotations

Branches:
Dungeon (15/15)            Temple (0/1) D:6            Lair (5/5) D:8
  Swamp (4/4) Lair:3        Snake (4/4) Lair:3        Slime (0/5) Lair:4
    Orc (2/2) D:11            Elf (3/3) Orc:2        Vaults (4/5) D:14
  Crypt (1/3) Vaults:3     Depths (4/4) D:15          Sewer (visited)
 Bailey (visited)           IceCv (visited)         Volcano (visited)
Gauntlet (visited)
    Zot: Depths:4

Altars:
Ashenzari
Cheibriados
Dithmenos
Elyvilon
Gozag
Kikubaaqudgha
Makhleb
Nemelex Xobeh
Okawaru
Qazlal
Ru
Trog
Uskayaw
Vehumet
Yredelemnul
Zin

Shops:
D:4 :   Orc:1 ?   Orc:2 (!?(?   Elf:2 =[=(   Snake:1 *   Snake:3 [:*
Snake:4 ==:   Vaults:3 ?   Depths:2 (:   Depths:3 *

Portals:
Hell: Depths:1 Depths:2 Depths:3 Depths:4
Abyss: Depths:3
Pandemonium: Depths:2
Ziggurat: Depths:2

Annotations:
D:4 Dig
Elf:2 3 runed translucent doors
Depths:4 exclusion: 3 doors


Innate Abilities, Weirdness & Mutations

You can breathe blasts of fire.
Your fiery red scales are hard. (AC +11)
You cannot fit into any form of body armour.
Your flesh is heat resistant. (rF+)
You are cold-blooded and may be slowed by cold attacks.


Message History

The caustic shrike claws you!! The acid corrodes you!
You are splashed with acid!
The caustic shrike claws you! The acid corrodes you!
You are splashed with acid!
The caustic shrike claws you.
You are splashed with acid!
The caustic shrike claws you!! The acid corrodes you!
You are splashed with acid!
The caustic shrike claws you but does no damage.
The walking earthen tome hits you but does no damage.
The caustic shrike claws you.
You are splashed with acid!
The caustic shrike claws you but does no damage.
The caustic shrike claws you!!
You are splashed with acid!
The caustic shrike completely misses you.
The caustic shrike claws you!!
* * * LOW HITPOINT WARNING * * *
You are splashed with acid!
* * * LOW HITPOINT WARNING * * *
The caustic shrike claws you!
* * * LOW HITPOINT WARNING * * *
You are splashed with acid!
* * * LOW HITPOINT WARNING * * *
The walking earthen tome hits you but does no damage.
The caustic shrike barely misses you. The caustic shrike claws you!
* * * LOW HITPOINT WARNING * * *
You are splashed with acid!
* * * LOW HITPOINT WARNING * * *
The caustic shrike claws you!
* * * LOW HITPOINT WARNING * * *
You are splashed with acid!
* * * LOW HITPOINT WARNING * * *
You hear a shout!
The caustic shrike claws you!!
* * * LOW HITPOINT WARNING * * *
You are splashed with acid!
* * * LOW HITPOINT WARNING * * *
The caustic shrike claws you!
* * * LOW HITPOINT WARNING * * *
You are splashed with acid.
* * * LOW HITPOINT WARNING * * *
The caustic shrike claws you!!
You die...

#.#..). ###.#...#
#....... #......#
##..i...# ..YDD.; #bb;#
########## #b@.#
#........####.###
##.....#..#......#
#......####...##..#
###...................#
#......^##.....#####....
#..[...##......# ....
##...###.......#. ..#
.##..#............ .#


You could see a golden dragon, 3 caustic shrikes, 2 walking earthen tomes, an
ice dragon, a death yak (summoned, berserk) and a spriggan berserker.

Vanquished Creatures
  the Lernaean hydra (Swamp:4)
  Vashnia (Snake:4)
  Saint Roka (Depths:3)
  A golden dragon (Depths:4)
  the Enchantress (Depths:1)
  Nikola (Snake:4)
  A tentacled monstrosity (Swamp:4)
  Asterion (Snake:4)
  A walking divine tome (Depths:3)
  A deep elf blademaster (Elf:3)
  A deep elf master archer (Elf:3)
  5 ancient champions
  2 sphinxes
  Frances (Elf:1)
  A tentacled starspawn (Abyss:2)
  Kirke (Snake:2)
  2 thorn hunters
  A storm dragon (Depths:3)
  An azure jelly (IceCv)
  6 nagarajas (Snake:4)
  4 deep elf sorcerers (Elf:3)
  2 fire giants (Depths:3)
  14 vault wardens
  A fenstrider witch (Swamp:4)
  The ghost of Mesuenwa the Eclecticist, an adept DEHW of Sif Muna (Snake:2)
  5 frost giants
  Aizul (Vaults:4)
  2 deep elf elementalists (Elf:3)
  2 orc warlords
  A ghoul (Crypt:1)
  15 ironbound preservers
  A caustic shrike skeleton (Depths:2)
  4 spriggan defenders
  2 vampire knights
  3 quicksilver oozes (IceCv)
  7 stone giants
  5 ironbound thunderhulks
  3 war gargoyles (Vaults:4)
  23 very ugly things
  3 deep elf demonologists (Elf:3)
  3 juggernaut skeletons (Depths:2)
  An eleionoma (Swamp:4)
  6 deep elf annihilators (Elf:3)
  13 dire elephants
  A bunyip (Swamp:1)
  6 spark wasps
  A minotaur (Gauntlet)
  A blizzard demon (Depths:1)
  A crystal guardian (Vaults:4)
  4 ettins
  4 fire dragons
  3 deep elf death magi
  An iron golem (Depths:2)
  7 deep elf high priests (Elf:3)
  A shambling mangrove (Swamp:4)
  Josephine (Snake:1)
  2 entropy weavers
  8 yaktaur captains
  10 vault guards
  4 ice dragons
  3 rakshasas
  2 ghost crabs
  5 great orbs of eyes
  A salamander tyrant (Snake:3)
  24 hydras
  23 centaur warriors
  3 hell beasts
  2 peacekeepers (Vaults:4)
  4 spriggan air magi
  2 death knights
  12 ironbound frosthearts
  2 ogre magi
  8 dancing weapons
  12 naga warriors
  3 boulder beetles
  6 anacondas
  9 two-headed ogres
  3 spriggan skeletons
  7 alligators
  11 death yaks (Lair:5)
  3 deep troll earth magi (Depths:3)
  A vampire mage (Depths:3)
  3 deep troll shamans
  3 tengu warriors
  A titan zombie (Depths:1)
  3 orc high priests (Orc:2)
  2 spriggan berserkers
  A thrashing horror (Abyss:2)
  6 shock serpents
  15 naga sharpshooters
  A salamander mystic (Snake:4)
  A skeletal warrior (D:15)
  6 hell knights (Depths:3)
  3 fire crabs
  5 deep elf knights
  2 wretched stars (Abyss:2)
  3 iron trolls
  An anaconda zombie (Abyss:2)
  3 goliath frogs
  2 naga ritualists (Snake:2)
  9 swamp dragons
  6 bog bodies
  6 sea snakes (Snake:4)
  13 lindwurms
  64 deep trolls
  An orb spider (shapeshifter) (Depths:4)
  A glowing orange brain (Vaults:4)
  8 deep elf archers
  10 wizards
  18 ironbound convokers
  4 spriggan druids
  4 harpies (Vaults:3)
  6 orc knights
  28 deep elf zephyrmancers
  6 orc sorcerers
  19 deep elf pyromancers
  A tengu zombie (Depths:2)
  9 mana vipers
  A wolf spider (D:15)
  7 cyclopes
  4 necromancers
  3 will-o-the-wisps (Swamp:4)
  2 sphinx skeletons
  2 oklob plants
  A shadow dragon skeleton (Depths:2)
  A tengu skeleton (Depths:2)
  4 manticores
  13 salamanders
  2 frost giant skeletons (Depths:1)
  39 ugly things
  17 vault sentinels
  19 naga magi
  A toenail golem (Volcano)
  Maurice (Orc:1)
  7 guardian serpents
  An iron dragon skeleton (Depths:2)
  A fire giant skeleton (Depths:1)
  3 ice statues (IceCv)
  31 black mambas
  A storm dragon simulacrum (Depths:2)
  3 smoke demons (Abyss:2)
  An eye of devastation (Abyss:2)
  4 molten gargoyles
  3 gargoyles
  10 cane toads
  A hellion (Abyss:2)
  2 unseen horrors (D:11)
  A kobold demonologist (D:13)
  26 yaktaurs
  3 rime drakes
  5 freezing wraiths
  6 komodo dragons
  A tengu conjurer (D:13)
  Maggie (D:9)
  A golden dragon simulacrum (Depths:1)
  2 ice devils (Lair:3)
  2 efreet (Volcano)
  4 ancient zymes (Abyss:2)
  12 hornets
  3 hellwings (Abyss:2)
  A polar bear (Lair:5)
  A bloated husk (Swamp:2)
  5 trolls
  A raiju (Abyss:2)
  7 tyrant leeches
  6 blink frogs
  A troll (shapeshifter) (D:13)
  An ettin zombie (Depths:1)
  A fire giant simulacrum (Depths:1)
  2 shadows (D:12)
  2 air elementals (Elf:2)
  2 jumping spiders
  15 slime creatures
  11 water elementals
  27 yaks
  18 spriggans
  2 ynoxinuls (Abyss:2)
  A spriggan (shapeshifter) (D:15)
  8 wyverns
  9 wraiths
  7 basilisks
  5 hogs (Snake:2)
  4 fire bats (Gauntlet)
  6 fire elementals (Volcano)
  8 vampire mosquitoes
  4 golden eyes (Abyss:2)
  A steam dragon (Bailey)
  4 redbacks
  A chaos spawn (Abyss:2)
  4 large abominations (Abyss:2)
  4 wargs
  15 swamp worms
  50 nagas
  17 water moccasins
  8 hell hounds
  2 acid dragons (D:9)
  A glowing shapeshifter skeleton (Depths:2)
  8 swamp drakes
  28 orc warriors
  2 black bears
  An ice beast (D:6)
  2 great orb of eyes simulacra (IceCv)
  21 ogres
  8 centaurs
  7 small abominations
  3 phantoms (D:5)
  A slime creature simulacrum (IceCv)
  3 kobold brigands
  9 bullfrogs
  4 gnoll sergeants
  6 earth elementals
  5 scorpions
  3 glowing shapeshifter simulacra (IceCv)
  10 wights
  10 killer bees
  4 electric eels (Elf:3)
  8 howler monkeys
  4 lava snakes (Lair:5)
  2 hounds
  3 jellies
  A gnoll bouda (D:10)
  19 orc priests
  A sleepcap (D:6)
  6 iguanas
  31 orc wizards
  4 shapeshifter simulacra (IceCv)
  14 adders
  19 gnolls
  A shadow imp (D:6)
  An ufetubus (D:7)
  5 worms
  4 dart slugs
  61 orcs
  6 bats
  9 endoplasms
  A giant cockroach (D:4)
  11 goblins
  7 hobgoblins
  4 jackals
  2 quokkas
  8 ball pythons
  2 frilled lizards
  9 kobolds
  9 rats
  A briar patch (Swamp:4)
  A fire vortex (Volcano)
1531 creatures vanquished.

Vanquished Creatures (collateral kills)
  An orc (Orc:2)
1 creature vanquished.

Vanquished Creatures (others)
  A bunyip (Swamp:2)
  4 bloated husks
  A slime creature (IceCv)
  An orc warrior (Orc:2)
  A swamp drake (Swamp:2)
  An orc wizard (D:7)
  2 briar patches (Swamp:4)
  A fire vortex (Volcano)
  12 foxfires (Sewer)
  21 fungi
  62 plants
107 creatures vanquished.

Grand Total: 1639 creatures vanquished

Notes
Turn   | Place    | Note
-------+----------+-------------------------------------------
     0 | D:1      | SnakkuSnakku7 the Draconian Cinder Acolyte began the quest
                  | for the Orb.
     0 | D:1      | Reached XP level 1. HP: 19/19 MP: 2/2
   193 | D:1      | Reached XP level 2. HP: 25/27 MP: 3/3
   569 | D:1      | Reached XP level 3. HP: 31/33 MP: 4/4
  1078 | D:2      | Reached XP level 4. HP: 41/41 MP: 5/5
  1358 | D:3      | Found a glowing silver altar of Zin.
  1665 | D:3      | Found a snail-covered altar of Cheibriados.
  1665 | D:3      | Found a broken altar of Ashenzari.
  1770 | D:4      | Found a glowing drain.
  1853 | Sewer    | Entered a sewer
  1930 | Sewer    | Noticed a water moccasin
  1936 | Sewer    | Killed a water moccasin
  1937 | Sewer    | Reached skill level 5 in Fighting
  1937 | Sewer    | Reached XP level 5. HP: 48/48 MP: 6/6
  2000 | D:4      | Reached skill level 5 in Polearms
  2107 | D:4      | Found Ranwedon's Self-Improvement Boutique.
  2117 | D:4      | Reached XP level 6. HP: 57/57 MP: 7/7
  2403 | D:4      | Learned a level 2 spell: Passwall
  2780 | D:4      | Found an ancient bone altar of Kikubaaqudgha.
  2783 | D:4      | Found a bloodstained altar of Trog.
  2783 | D:4      | Found a radiant altar of Vehumet.
  2783 | D:4      | Found an iron altar of Okawaru.
  3042 | D:5      | Entered Level 5 of the Dungeon
  3198 | D:5      | Your scales start taking on a fiery red colour.
  3198 | D:5      | Reached XP level 7. HP: 49/64 MP: 8/8
  3198 | D:5      | Gained mutation: Your flesh is heat resistant. (rF+) [Red
                  | Draconian growth]
  3405 | D:5      | Found a shadowy altar of Dithmenos.
  3811 | D:5      | Reached XP level 8. HP: 53/74 MP: 9/9
  4557 | D:6      | Found a staircase to the Ecumenical Temple.
  4726 | D:6      | Reached skill level 10 in Polearms
  4726 | D:6      | Found a sparkling altar of Nemelex Xobeh.
  4780 | D:6      | Found a white marble altar of Elyvilon.
  4971 | D:7      | Found a basalt altar of Yredelemnul.
  4975 | D:7      | Reached XP level 9. HP: 81/81 MP: 10/10
  5296 | D:7      | Found an opulent altar of Gozag.
  5398 | D:7      | Reached skill level 1 in Shields
  5715 | D:8      | Found a flagged portal.
  5730 | Bailey   | Entered a bailey
  5914 | Bailey   | Noticed a two-headed ogre
  5915 | Bailey   | Identified the +5 morningstar of Spite {drain, rElec rN+
                  | Dex+2}
  6265 | Bailey   | Killed a two-headed ogre
  6266 | Bailey   | Reached XP level 10. HP: 88/88 MP: 11/11
  6375 | D:8      | Found a burning altar of Makhleb.
  6789 | D:8      | Found a staircase to the Lair.
  6925 | Lair:1   | Entered Level 1 of the Lair of Beasts
  7304 | D:9      | Noticed a two-headed ogre
  7320 | D:9      | Killed a two-headed ogre
  7321 | D:9      | Reached skill level 15 in Polearms
  7402 | D:9      | Reached XP level 11. HP: 62/94 MP: 12/12
  7547 | D:9      | Noticed a two-headed ogre
  7553 | D:9      | Killed a two-headed ogre
  7573 | D:9      | Noticed a two-headed ogre
  7580 | D:9      | Killed a two-headed ogre
  7647 | D:9      | Reached skill level 1 in Dodging
  7649 | D:9      | Noticed Maggie
  7664 | D:9      | Killed Maggie
  7932 | D:9      | Noticed a two-headed ogre
  7941 | D:9      | Killed a two-headed ogre
  8279 | D:10     | Entered Level 10 of the Dungeon
  8420 | D:10     | Noticed a two-headed ogre
  8428 | D:10     | Killed a two-headed ogre
  8429 | D:10     | Reached skill level 5 in Dodging
 10080 | Lair:2   | Found a gate leading to a gauntlet.
 10111 | Gauntlet | Entered a Gauntlet
 10111 | Gauntlet | Found a transporter.
 10111 | Gauntlet | Found a transporter.
 10111 | Gauntlet | Found a transporter.
 10132 | Gauntlet | Found a transporter.
 10143 | Gauntlet | Found a transporter.
 10145 | Gauntlet | Found a transporter.
 10158 | Gauntlet | Found a transporter.
 10158 | Gauntlet | Noticed a ghost crab
 10174 | Gauntlet | Noticed a hell beast
 10176 | Gauntlet | Found a transporter.
 10180 | Gauntlet | Found a runed translucent door.
 10202 | Gauntlet | Found a transporter.
 10202 | Gauntlet | Found a transporter.
 10203 | Gauntlet | Noticed a fire crab
 10210 | Gauntlet | Found a transporter.
 10213 | Gauntlet | Found a transporter.
 10238 | Gauntlet | Reached XP level 12. HP: 95/101 MP: 13/13
 10531 | Gauntlet | Killed a hell beast
 10614 | Gauntlet | Identified the +6 battleaxe of Blood {flame, rF+++ MP-9
                  | Dex-5 SInv}
 10614 | Gauntlet | Identified the amulet of Qugemut {Acrobat Fragile rPois
                  | rF+++ MP+9}
 10614 | Gauntlet | Noticed a minotaur
 10630 | Gauntlet | Killed a minotaur
 10678 | Gauntlet | Identified the +7 war axe of Ehyst {drain, Dex+4}
 10679 | Gauntlet | Got the Excursus on Charming Reconstruction
 11314 | Lair:2   | Reached skill level 10 in Dodging
 11449 | Lair:3   | Reached skill level 1 in Stealth
 11521 | Lair:3   | Found a staircase to the Swamp.
 11682 | Lair:3   | Reached skill level 5 in Stealth
 11789 | Lair:3   | Found a frozen archway.
 11842 | IceCv    | Entered an ice cave
 11982 | IceCv    | Noticed a quicksilver ooze
 12003 | IceCv    | Killed a quicksilver ooze
 12774 | IceCv    | Noticed a quicksilver ooze
 12781 | IceCv    | Killed a quicksilver ooze
 12782 | IceCv    | Reached XP level 13. HP: 98/107 MP: 14/14
 12821 | IceCv    | Found a viscous altar of Jiyva.
 12821 | IceCv    | Noticed an azure jelly
 12835 | IceCv    | Killed an azure jelly
 12889 | IceCv    | Noticed a quicksilver ooze
 12958 | IceCv    | Killed a quicksilver ooze
 12963 | IceCv    | Got the Commentary on Ice
 12968 | IceCv    | Identified the +0 ring mail of Padgh {rPois rC- rN+}
 13352 | Lair:3   | Found a staircase to the Snake Pit.
 13569 | Lair:4   | Reached skill level 10 in Stealth
 13754 | Lair:4   | Reached skill level 1 in Evocations
 13782 | Lair:4   | Found a staircase to the Slime Pits.
 14158 | Lair:5   | Entered Level 5 of the Lair of Beasts
 14355 | Lair:5   | Reached skill level 5 in Evocations
 14440 | Lair:5   | Found a dark tunnel.
 14482 | Volcano  | Entered a volcano
 15784 | Lair:5   | Reached XP level 14. HP: 49/115 MP: 15/15
 15865 | Lair:5   | Reached skill level 10 in Evocations
 16895 | Lair:5   | Found a large runed translucent door.
 17190 | Lair:5   | Found a large runed translucent door.
 17245 | Lair:5   | Reached skill level 10 in Fighting
 17725 | D:4      | Bought a manual of Fighting for 960 gold pieces
 18743 | D:11     | Found a staircase to the Orcish Mines.
 19274 | D:12     | Found an iron altar of Okawaru.
 19293 | D:12     | Identified the +8 spear of Xelirhai {spect, *Corrode +Blink
                  | Will++ Str+2}
 19536 | D:12     | Identified a scroll of acquirement
 19536 | D:12     | Acquired a +1 heavy glaive
 19974 | Orc:1    | Entered Level 1 of the Orcish Mines
 20479 | Orc:2    | Entered Level 2 of the Orcish Mines
 20522 | Orc:1    | Found Zevaf's Magic Scroll Boutique.
 20527 | Orc:1    | Noticed Maurice
 20636 | Orc:1    | Killed Maurice
 20806 | Orc:1    | Bought a scroll of enchant weapon for 112 gold pieces
 20806 | Orc:1    | Bought a scroll of teleportation for 45 gold pieces
 20806 | Orc:1    | Bought a scroll of fog for 60 gold pieces
 20806 | Orc:1    | Bought a scroll of fog for 60 gold pieces
 21039 | Orc:2    | Reached skill level 15 in Fighting
 21648 | Orc:2    | Found Bufeduosm's Antique Weapon Emporium.
 21797 | Orc:2    | Noticed an orc warlord
 22163 | Orc:1    | Killed an orc warlord
 22359 | Orc:2    | Found Nyex Yvu's Magic Scroll Emporium.
 22359 | Orc:2    | Found Jasepos's Distillery.
 22367 | Orc:2    | Found Ateziage's Antique Weapon Emporium.
 22367 | Orc:2    | Found Ocro's Magic Scroll Boutique.
 22373 | Orc:2    | Bought a scroll of enchant armour for 105 gold pieces
 22373 | Orc:2    | Bought a scroll of blinking for 105 gold pieces
 22376 | Orc:2    | Bought a scroll of teleportation for 36 gold pieces
 22376 | Orc:2    | Bought a scroll of teleportation for 36 gold pieces
 22378 | Orc:2    | Bought a potion of haste for 150 gold pieces
 22378 | Orc:2    | Bought a potion of might for 60 gold pieces
 22378 | Orc:2    | Bought a potion of heal wounds for 75 gold pieces
 22378 | Orc:2    | Bought a potion of heal wounds for 75 gold pieces
 22422 | Orc:2    | Found a staircase to the Elven Halls.
 22835 | D:13     | Reached XP level 15. HP: 147/147 MP: 16/16
 23655 | D:14     | Found a stormy altar of Qazlal.
 23766 | D:14     | Found a gate to the Vaults.
 24309 | D:15     | Entered Level 15 of the Dungeon
 24830 | D:15     | Found a radiant altar of Vehumet.
 25177 | D:15     | Found a staircase to the Depths.
 26252 | Orc:2    | Bought a scroll of brand weapon for 133 gold pieces
 26491 | Swamp:1  | Entered Level 1 of the Swamp
 28529 | Swamp:2  | Noticed a thorn hunter
 28541 | Swamp:2  | Killed a thorn hunter
 29076 | Swamp:3  | Found a stormy altar of Qazlal.
 29424 | Swamp:2  | Reached XP level 16. HP: 106/159 MP: 17/17
 29906 | Swamp:3  | Identified the +1 long sword of the Badger {flame, Dex+4}
 30252 | Swamp:4  | Entered Level 4 of the Swamp
 30454 | Swamp:4  | Paralysed by a fenstrider witch for 2 turns
 30456 | Swamp:4  | HP: 2/159 [fenstrider witch (7)]
 30717 | Swamp:4  | Noticed the 27-headed Lernaean hydra
 30717 | Swamp:4  | Noticed a tentacled monstrosity
 30800 | Swamp:4  | Paralysed by a fenstrider witch for 5 turns
 31219 | Swamp:4  | Got a decaying rune of Zot
 31287 | Swamp:4  | Noticed a thorn hunter
 31294 | Swamp:4  | Killed the 21-headed Lernaean hydra
 31728 | Swamp:4  | Killed a thorn hunter
 32092 | Swamp:4  | Acquired the +2 cloak of the Thief {*Fog Slay-2 SInv
                  | Stlth+}
 32092 | Swamp:4  | Found the +2 cloak of the Thief {*Fog Slay-2 SInv Stlth+}
 32133 | Swamp:4  | Killed a tentacled monstrosity
 32632 | Snake:1  | Entered Level 1 of the Snake Pit
 33144 | Snake:1  | Noticed Josephine
 33156 | Snake:1  | Killed Josephine
 33558 | Snake:1  | Found Yzxyck's Assorted Antiques.
 33562 | Snake:1  | Bought a scroll labelled ADONLE ARAE for 33 gold pieces
 34074 | Snake:2  | Found a runed translucent door.
 34137 | Snake:2  | Noticed Kirke
 34181 | Snake:2  | Identified the +1 pair of boots of Precision Catastrophes
                  | {rC++ Int-3 Slay+3 Stlth+}
 34201 | Snake:2  | Noticed Mesuenwa's ghost (adept DEHW)
 34214 | Snake:2  | Killed Kirke
 34399 | Snake:2  | Reached XP level 17. HP: 115/166 MP: 18/18
 35161 | Snake:2  | Killed Mesuenwa's ghost
 36481 | Snake:3  | Found Jacseu's Armour Shop.
 36483 | Snake:3  | Found Dineaho's Book Boutique.
 36486 | Snake:3  | Found Syguuragg's General Store.
 36545 | Snake:3  | Bought a potion of curing for 39 gold pieces
 36545 | Snake:3  | Bought a scroll of teleportation for 39 gold pieces
 36545 | Snake:3  | Bought a phantom mirror for 520 gold pieces
 37168 | Snake:4  | Entered Level 4 of the Snake Pit
 37184 | Snake:4  | Identified the +0 pair of gloves of the Kangaroo {Harm
                  | Int+2 Dex+3}
 37184 | Snake:4  | Noticed Nikola
 37241 | Snake:4  | Noticed Vashnia
 37328 | Snake:4  | Killed Nikola
 37881 | Snake:4  | Reached skill level 15 in Dodging
 37896 | Snake:4  | Reached skill level 1 in Throwing
 38264 | Snake:4  | Killed Vashnia
 38493 | Snake:4  | Found Holel's Jewellery Shop.
 38494 | Snake:4  | Found Mugg's Book Emporium.
 38496 | Snake:4  | Found Zotek's Jewellery Shop.
 38602 | Snake:4  | Noticed Asterion
 38614 | Snake:4  | Killed Asterion
 38837 | Snake:4  | Reached skill level 5 in Throwing
 39465 | Snake:4  | Reached XP level 18. HP: 149/174 MP: 19/19
 39516 | Snake:4  | Got a serpentine rune of Zot
 39936 | Vaults:1 | Entered Level 1 of the Vaults
 41276 | Vaults:1 | Reached skill level 10 in Throwing
 44044 | Vaults:2 | Reached XP level 19. HP: 183/183 MP: 20/20
 44341 | Vaults:2 | You fall into a shaft and drop 2 floors!
 44359 | Vaults:4 | Noticed Aizul
 44365 | Vaults:4 | Killed Aizul
 44397 | Abyss:2  | Cast into level 2 of the Abyss (a wizard)
 44710 | Abyss:2  | Found a corrupted altar of Lugonu.
 44899 | Vaults:3 | Escaped the Abyss
 45048 | Vaults:3 | Found Wuon's Magic Scroll Emporium.
 45481 | Vaults:3 | Found a staircase to the Crypt.
 45484 | Crypt:1  | Entered Level 1 of the Crypt
 46528 | Vaults:3 | Bought a scroll of teleportation for 36 gold pieces
 49069 | Vaults:4 | Reached XP level 20. HP: 122/193 MP: 21/21
 49167 | Vaults:4 | Identified the +6 trident "Grim" {heavy, rPois rF+ Will-}
 49191 | Vaults:4 | Paralysed by a sphinx for 5 turns
 49374 | Abyss:2  | Cast into level 2 of the Abyss (a wizard)
 49411 | Vaults:4 | Escaped the Abyss
 50019 | Vaults:4 | Reached skill level 15 in Evocations
 50443 | Vaults:4 | Identified the +7 short sword "Haewn" {vamp, rElec Str+2}
 50770 | Elf:1    | Entered Level 1 of the Elven Halls
 51688 | Elf:1    | Noticed Frances
 51696 | Elf:1    | Killed Frances
 51951 | Elf:2    | Found a runed translucent gate.
 51951 | Elf:2    | Found a runed translucent gate.
 51961 | Elf:2    | Found a runed translucent gate.
 52153 | Elf:2    | Found Hineruix's Jewellery Boutique.
 52155 | Elf:2    | Found Faddudgh's Antique Weapon Boutique.
 52155 | Elf:2    | Found Ebanlid's Jewellery Shop.
 52158 | Elf:2    | Found Difuceus's Antique Armour Shop.
 52171 | Elf:2    | Bought a demon trident for 450 gold pieces
 53038 | Elf:2    | Paralysed by an air elemental for 1 turns
 53276 | Elf:3    | Entered Level 3 of the Elven Halls
 53940 | Elf:3    | Reached skill level 5 in Shields
 54591 | Elf:3    | Identified the amulet of Patience {Reflect rPois rC+ Dex+5
                  | SH+5}
 54777 | Elf:3    | Identified the +4 mace of Valour {antimagic, Int+3}
 55000 | Elf:3    | Identified the staff of earth "Xuoc" {rN+ Str+5 Int-3}
 55004 | Elf:3    | Identified the +3 short sword "Rilabemeuh" {flame, rC+
                  | Will+ Dex+4}
 55006 | Elf:3    | Got Kuotedac's Vademecum on Hyperbolic Exhumation
 55024 | Elf:3    | Got the Teachings on Heavy Firn
 55096 | Elf:3    | Reached XP level 21. HP: 201/201 MP: 22/22
 55431 | Depths:1 | Entered Level 1 of the Depths
 55494 | Depths:1 | Noticed the Enchantress
 55527 | Depths:1 | Killed the Enchantress
 55863 | Depths:1 | Reached skill level 10 in Shields
 55865 | Depths:1 | Found a gateway to Hell.
 56161 | Depths:1 | Found a hide-covered altar of Uskayaw.
 56883 | Depths:1 | Found a sacrificial altar of Ru.
 57436 | Depths:2 | Found Male Woo's Book Emporium.
 57564 | Depths:2 | Found a one-way gate leading to the halls of Pandemonium.
 57572 | Depths:2 | Found Hypoot's Antique Weapon Shoppe.
 57664 | Depths:2 | Found a one-way gateway to a ziggurat.
 57842 | Depths:3 | Found Jeynueh's Elemental Accessories.
 57927 | Depths:3 | Found a snail-covered altar of Cheibriados.
 58258 | Depths:3 | Noticed Saint Roka
 58331 | Depths:3 | Killed Saint Roka
 60305 | Depths:3 | Found a one-way gate to the infinite horrors of the Abyss.
 60636 | Depths:3 | Reached skill level 15 in Shields
 60779 | Depths:4 | Entered Level 4 of the Depths
 61018 | Depths:3 | Reached XP level 22. HP: 49/209 MP: 23/23
 61574 | Depths:4 | Noticed a golden dragon
 61593 | Depths:4 | Killed a golden dragon
 62232 | Depths:4 | Noticed a golden dragon
 62233 | Depths:4 | Noticed a caustic shrike
 62234 | Depths:4 | Noticed a caustic shrike
 62235 | Depths:4 | Noticed a caustic shrike
 62243 | Depths:4 | HP: 8/209 [caustic shrike (6)]
 62243 | Depths:4 | Slain by a caustic shrike

Illustrated notes

Levels and vault maps discovered:
D:1:      lemuel_arrival_muddy, layout_rooms
D:2:      layout_basic, grunt_ministairs_9, minmay_fountain_box
D:3:      layout_rooms, gammafunk_temple_overflow_pools,
          nicolae_overflow_crystal_walls
D:4:      layout_cave_pods, chequers_temple_overflow_statue_of_worship,
          serial_glass, glass_columns_c, glass_columns_c, glass_columns_b,
          glass_columns_a, glass_columns_a, glass_columns_a, glass_columns_b,
          glass_columns_c, glass_columns_b, glass_columns_a, glass_columns_a,
          glass_columns_a, glass_columns_b, glass_columns_b,
          due_unseen_surprise, item_on_display_a, item_on_display_a,
          minmay_strange_pillars, cheibrodos_sewer_entry_bend,
          nicolae_shop_self_help
D:5:      layout_rooms, grunt_dithmenos_shadows, serial_curves, eino_curves_03,
          eino_curves_04, minmay_misc_feat_plants, chequers_big_river,
          grunt_ministairs_12
D:6:      layout_rooms, nicolae_elyvilon_temple_path, nemelex_dance_club_becter,
          minmay_temple_entry_glassed_door
D:7:      black_bear_nest_2, layout_basic,
          nicolae_gozag_cash_rules_everything_around_me,
          yredelemnul_altar_generic
D:8:      layout_basic, lemuel_tele_altar, lair_entry_dummy, enter_bailey_3
D:9:      nzn_winding_woodlands_small [nzn_winding_woodlands_5x15_concentric,
          nzn_winding_woodlands_center_pierced_h,
          nzn_winding_woodlands_5x15_cabin], layout_gridville, uniq_maggie
D:10:     layout_cave_pods
D:11:     layout_irregular_city, orc_0_dummy
D:12:     layout_basic, okawaru_ov_weapons_minmay
D:13:     cheibrodos_elevator_heist, layout_cave_pods, minmay_statues_item
D:14:     layout_cave_pools, erik_vaults_1, grunt_decor_fettered,
          grunt_qazlal_sundering
D:15:     hangedman_depths_entry_try_elsewhere_first, layout_cave_pods,
          nicolae_vehumet_altar_sigil
Lair:1:   layout_chaotic_city
Lair:2:   layout_cave_pods, gauntlet_entry_generic
Lair:3:   layout_loops_ring, skrybe_swamp_entry_bodies,
          minmay_snake_entry_guardpost_small, portal_ice_cave_demonic_guard
Lair:4:   layout_cave_shapes, slime_entry_1
Lair:5:   cheibrodos_lair_end_hotspot, layout_regular_city, enter_volcano_2
Swamp:1:  layout_falls_marsh, evilmike_swamp_ruin_rubble_2
Swamp:2:  layout_basic_swamp, evilmike_swamp_ruin_house_4, swamp_pool4
Swamp:3:  layout_falls_marsh, basic_altar, swamp_pool1,
          nicolae_swamp_fairy_circle, hangedman_swamp_blocks
Swamp:4:  swamp_alternative, layout_basic_swamp, swamp_pool4
Snake:1:  layout_chambers, serial_shops, shop_fountains, uniq_josephine
Snake:2:  layout_concentric_octagons, hellmonk_ghost_happy_afterlife,
          st_stairs_9, uniq_kirke
Snake:3:  layout_basic, minmay_shop_star, grunt_megastairs_1
Snake:4:  grunt_snake_rune_pools, layout_rooms, nicolae_triple_integral,
          minmay_shop_grove, uniq_asterion, uniq_nikola, uniq_vashnia
Orc:1:    layout_caves, serial_shops, shop, minmay_orc_temple_a, uniq_maurice
Orc:2:    grunt_orc_tribal_feast, layout_diamond_mine, serial_shops, shop
Elf:1:    minmay_elf_arrival_summoners, layout_loops_cross, minivault_28,
          nicolae_elf_stone_circles, uniq_frances
Elf:2:    elven_hall_of_blades_hangedman_original
          [nicolae_blade_entry_pointy_end], layout_onion_city, minmay_shoptagon,
          lemuel_elevator, uniq_jorgrun
Elf:3:    minmay_elf_hall_curves, layout_geoelf_castle
Vaults:1: nicolae_vaults_layer_cake_slice, v_misc_30, v_pattern_1,
          ontoclasm_vaults_ring_square, vaults_dpeg_spiral,
          hangedman_vaults_stagger, hangedman_vaults_impose,
          nicolae_vaults_yaktaur_gun_rack, layout_vaults_big_room
Vaults:2: hangedman_vaults_river_flow, nicolae_vaults_trapezoid_lopsided_3,
          hangedman_vaults_maws, nicolae_vaults_security_offices_4,
          ontoclasm_vaults_spin, grunt_vaults_swirl, v_alt_pattern_6,
          nicolae_vaults_offset_grid_hallway_3, layout_vaults_omnibox
Vaults:3: infiniplex_enter_wizlab_water, minmay_crypt_entry_simple_corners,
          nicolae_vaults_offset_grid_hallway_3, v_alt_pattern_3,
          hangedman_vaults_variations, nicolae_vaults_theta, v_misc_8,
          nicolae_vaults_two_Ls, vaults_dpeg_emergency_exit, v_pattern_5,
          layout_vaults_omnigrid, serial_shops, shop
Vaults:4: v_alt_pattern_3, nicolae_vaults_weapon_check, vaults_room_door_ring,
          grunt_vaults_focal, nicolae_vaults_little_squares_1,
          nicolae_vaults_apartment_2, nicolae_vaults_tetromino_L_2,
          nicolae_vaults_apartment_1, nicolae_vaults_trapezoid_layered,
          vaults_room_fancy_cross, v_misc_5, nicolae_vaults_house_2,
          vaults_room_fours, vaults_room_stairs_pillars,
          nicolae_vaults_trapezoid_lopsided_3, v_misc_26, layout_vaults_ring,
          uniq_aizul
Crypt:1:  gammafunk_sealed_arena, layout_gridlike, basic_altar,
          grunt_megastairs_5, grunt_crypt_arrival_webbed
Depths:1: layout_long_grid, grunt_mini_vestibule,
          nicolae_uskayaw_murder_on_the_dancefloor,
          hangedman_abyss_or_decor_clamps, nicolae_ru_sacrificial_ziggurat,
          serial_bayou_shore_a, uniq_enchantress
Depths:2: minmay_skeletal_surprise, layout_cave_pools, enter_ziggurat_a,
          hangedman_decor_points, serial_shops,
          nicolae_shop_pleasant_corner_grove,
          nicolae_shop_temple_entry_statues_fountains, hangedman_geh_valley,
          pan_entry, amcnicky_mini_rare_corridor_liquid, lemuel_nasty_fountain
Depths:3: kennysheep_ogre_elephant_herders, layout_basic, abyss_entry_glasseish,
          minmay_misc_feat_secret_circle, pf_coc_iceberg,
          nicolae_elemental_shop, slow_altar_1, serial_bayou_shore_b,
          uniq_saint_roka
Depths:4: evilmike_zot_entry_hall, layout_honeycomb, serial_shops, shop,
          hell_entry, abyss_entry_crystal, roderic_lattice_a,
          minmay_multi_spiral

Skill      XL: |  1  2  3  4  5  6  7  8  9 10 11 12 13 14 15 16 17 18 19 20 21 22 |
---------------+-------------------------------------------------------------------+-----
Fighting       | 4 5 6 7 8 17 18 19 20 | 20.0
Polearms       | 4 5 6 7 10 12 15 16 18 20 | 20.0
Shields        | 3 8 15 16 | 16.2
Dodging        | 8 10 12 15 16 17 | 17.6
Stealth        | 8 10 | 10.0
Evocations     | 9 10 13 15 | 15.0
Throwing       | 6 12 | 12.7
Spellcasting   | |  1.0
Fire Magic     | |  3.6

Action                     |  1- 3 |  4- 6 |  7- 9 | 10-12 | 13-15 | 16-18 | 19-21 | 22-24 || total
---------------------------+-------+-------+-------+-------+-------+-------+-------+-------++-------
  Melee: Spear             |   162 |   285 |   281 |       |     5 |       |       |       ||   733
         Tailslap          |    13 |    33 |    44 |   111 |   209 |   216 |   436 |    48 ||  1110
         Punch             |       |     2 |     5 |       |     1 |       |       |       ||     8
         Trident           |       |       |   111 |       |    24 |       |       |       ||   135
         Halberd           |       |       |    24 |   702 |   651 |       |       |       ||  1377
         Glaive            |       |       |       |       |   818 |  1459 |  1638 |       ||  3915
         Demon trident     |       |       |       |       |       |       |   516 |   193 ||   709
  Throw: Throwing net      |       |       |       |       |       |       |     4 |       ||     4
         Javelin           |       |       |       |       |       |       |     8 |       ||     8
   Cast: Passwall          |       |     2 |       |       |       |       |       |       ||     2
 Invoke: Foxfire Swarm     |       |     1 |       |       |       |       |       |       ||     1
Ability: Breathe Fire      |       |       |    21 |    11 |    20 |     5 |     8 |     2 ||    67
  Evoke: Wand              |       |     3 |     8 |     1 |     9 |     1 |     2 |       ||    24
         Condenser vane    |       |       |       |       |     1 |     2 |     1 |       ||     4
    Use: Scroll            |       |    12 |     9 |    11 |    19 |     9 |    17 |       ||    77
         Potion            |       |       |     1 |     2 |    11 |    14 |    17 |       ||    45
   Stab: Sleeping          |     5 |    11 |     4 |     6 |    49 |    35 |    50 |     5 ||   165
         Invisible         |       |       |     1 |       |       |       |       |       ||     1
         Distracted        |       |       |       |     5 |     5 |    10 |    17 |       ||    37
         Held in net/web   |       |       |       |       |       |       |     1 |       ||     1
 Armour: Skin              |    58 |   108 |   178 |   177 |   643 |   612 |   649 |    23 ||  2448
  Dodge: Dodged            |    74 |   120 |   162 |   290 |   982 |   938 |  1336 |    47 ||  3949
  Block: Buckler           |       |       |    20 |       |       |       |       |       ||    20
         Other             |       |       |       |       |       |       |    65 |       ||    65
         Reflection        |       |       |       |       |       |       |    11 |     7 ||    18
         Tower shield      |       |       |       |       |       |       |   530 |   182 ||   712
